Map: Simulacrum LE

Players

INnoVation - Winner!

  • Race: Terran Terran
  • Spawn Location: 11:00

GunGFuBanDa

  • Race: Protoss Protoss
  • Spawn Location: 5:00

Event: StayAtHomestory Cup #1

VOD

Have the link to the VOD?

Description

Time

  • Played on: April 10, 2020, 6:18 a.m.
  • Length: 6:36

All games in this series

Show
View Real Time Build Order
Export as new Build Order

INnoVation Terran - Winner!

Build Orders: Cyclone Opening 

Get SALT Encoding   

  12  0:00  SCV  
  13  0:13  SCV  
  14  0:18  Supply Depot  
  14  0:25  SCV  
  15  0:39  SCV  
  15  0:40  Barracks  
  16  0:46  Refinery  
  16  0:52  SCV  
  16  0:56  Refinery  
  17  1:04  SCV  
  18  1:16  SCV  
  19  1:27  Reaper  
  19  1:28  Orbital Command  
  20  1:37  Supply Depot  
  20  1:45  Factory  
  20  1:53  Bunker  
  20  1:56  SCV  
  21  2:08  SCV  
  21  2:20  SCV  
  22  2:28  Command Center  
  22  2:29  Factory Tech Lab  
  22  2:33  SCV  
  23  2:42  Starport  
  23  2:45  SCV  
  23  2:50  Cyclone  
  27  2:54  Supply Depot  
  27  2:57  SCV  
  28  3:09  SCV  
  29  3:18  Starport Reactor  
  29  3:20  Starport Tech Lab  
  29  3:21  SCV, Barracks Reactor  
  29  3:24  Barracks  
  30  3:28  Barracks  
  31  3:34  SCV  
  31  3:39  Banshee  
  34  3:44  Orbital Command  
  34  3:48  SCV  
  34  3:53  Siege Tank  
  37  3:58  Marine x2  
  37  4:01  SCV  
  40  4:10  SCV  
  40  4:13  SCV  
  40  4:15  Marine x2  
  40  4:16  Marine  
  45  4:19  Supply Depot  
  45  4:24  Banshee  
  48  4:29  Siege Tank  
  51  4:32  SCV x2  
  51  4:36  Supply Depot  
  51  4:37  Marine  
  54  4:40  Marine x2  
  54  4:43  Marine  
  57  4:46  Supply Depot  
  57  4:48  SCV x2  
  59  4:56  Marine  
  59  4:58  Marine x2  
  62  5:01  Marine, Supply Depot  
  62  5:04  Siege Tank  
  66  5:10  Banshee  
  69  5:16  SCV x2  
  69  5:19  Marine  
  69  5:20  Marine x3  
  75  5:27  Supply Depot  
  75  5:29  SCV x2  
  77  5:37  Siege Tank  
  77  5:42  Marine x3  
  80  5:43  Marine  
  84  5:53  SCV  
  84  5:54  SCV, Bunker  
  85  5:58  Bunker, Supply Depot  
  88  6:04  Marine x2  
  88  6:05  Marine x2  
  91  6:12  SCV x2  
  91  6:34  Supply Depot  
Show
View Real Time Build Order
Export as new Build Order

GunGFuBanDa Protoss 

Build Orders: 1 Gate Expand, Blink Stalkers 

Get SALT Encoding   

  12  0:00  Probe  
  13  0:12  Probe  
  14  0:17  Pylon  
  14  0:24  Probe (Chrono Boost)  
  16  0:37  Probe (Chrono Boost), Gateway  
  16  0:42  Probe (Chrono Boost)  
  16  0:47  Assimilator  
  17  0:51  Probe  
  18  1:03  Probe  
  19  1:20  Nexus  
  19  1:30  Cybernetics Core  
  19  1:32  Probe (Chrono Boost)  
  20  1:43  Probe (Chrono Boost), Assimilator  
  21  1:51  Pylon  
  23  2:09  Probe, Adept (Chrono Boost)  
  23  2:16  Warp Gate  
  22  2:31  Stalker (Chrono Boost)  
  23  2:39  Probe  
  23  2:41  Probe  
  25  2:51  Probe  
  26  2:52  Stalker (Chrono Boost)  
  26  2:53  Probe  
  29  3:03  Probe  
  31  3:05  Probe  
  31  3:08  Twilight Council  
  31  3:15  Probe  
  31  3:17  Probe  
  31  3:19  Stalker (Chrono Boost)  
  35  3:28  Probe (Chrono Boost)  
  35  3:29  Probe (Chrono Boost)  
  37  3:39  Pylon  
  39  3:42  Probe (Chrono Boost)  
  39  3:44  Blink (Chrono Boost)  
  39  3:45  Probe (Chrono Boost)  
  39  3:48  Probe (Chrono Boost)  
  39  3:52  Probe  
  41  3:56  Probe, Robotics Facility  
  41  4:01  Assimilator  
  42  4:04  Probe  
  42  4:08  Probe (Chrono Boost)  
  44  4:10  Gateway  
  44  4:15  Gateway  
  44  4:23  Probe x2 (Chrono Boost)  
  46  4:25  Stalker  
  46  4:29  Pylon  
  46  4:30  Probe x2 (Chrono Boost)  
  50  4:40  Probe, Pylon  
  50  4:42  Probe  
  50  4:44  Observer  
  53  4:47  Pylon  
  53  4:49  Gateway  
  53  4:59  Stalker  
  55  5:05  Observer  
  56  5:13  Stalker x2  
  60  5:16  Probe  
  60  5:18  Shield Battery  
  61  5:26  Nexus  
  61  5:31  Stalker  
  61  5:32  Probe x2  
  65  5:41  Stalker x2  
  69  5:49  Immortal (Chrono Boost)  
  73  5:58  Stalker  
  73  5:59  Stalker  
  73  6:00  Pylon  
  76  6:16  Stalker  
  76  6:17  Stalker  
  66  6:28  Stalker x2  
Tags
 
Add a new tag
Caveats
  • Supply blocks, unpowered buildings, or Contaminate may cause inaccurate times.
  • Supply counts are checked every 10 seconds.